AoeStats
← marc.deliedekerke.lfgeb

Four Lakes

509172085Analyzed
1v1 RM · 5d ago on Sep 25, 2026· 34m 30s· 2 players
Game mode
Random Map
Map size
Tiny (2 player)
Population
200
Speed
Normal
Resources
Standard
Victory
Conquest
Starting age
Dark Age
Ending age
Imperial Age
RankedLock teamsTeams togetherTeam positionsShared explorationLock speedFull tech treeHidden civsTurbo modeCheats
Victory
Defeat
🇲🇽 Aztecs · Mexico
996
+14
🇳🇱 Chinese · Netherlands
955
-14
marc.deliedekerke.lfgeb
0:57 Loom
11:42 Feudal Age
12:35 Fishing Lines
12:57 Double-Bit Axe
15:53 Scale Barding Armor
16:00 Forging
16:08 Horse Collar
18:31 Bloodlines
22:10 Castle Age
23:05 Husbandry
23:30 Chain Barding Armor
24:30 Gold Mining
25:49 Fletching
26:40 Padded Archer Armor
30:20 Wheelbarrow
30:35 Bodkin Arrow
31:54 Hand Cart
Ogedei5955
2:58 Loom
13:48 Feudal Age
15:05 Double-Bit Axe
18:00 Fishing Lines
20:35 Castle Age
18:33 Fletching
18:54 Forging
20:41 Padded Archer Armor
20:41 Scale Mail Armor
21:32 Bow Saw
21:17 Gillnets
21:25 Bodkin Arrow
21:41 Squires
23:45 Iron Casting
23:38 Leather Archer Armor
23:11 Town Watch
24:13 Chain Mail Armor
25:52 Gold Mining
25:43 Pikeman
25:48 Elite Skirmisher
26:58 Stone Mining
27:42 Arson
31:46 Horse Collar
36:25 Imperial Age
34:23 Ballistics
Connection lost

Rejoining the realm…

Still unreachable

The connection could not be restored.

Session expired

The server has moved on; the page needs a fresh start.